[Event "*** Titled Tuesday 3|2 Blitz (Late)"]
[Site "Chess.com"]
[Date "2016.11.01"]
[Round "4"]
[White "NTBT_DHS"]
[Black "Zlatan56"]
[Result "1-0"]
[WhiteElo "2507"]
[BlackElo "2630"]
[TimeControl "180+2"]
[EndTime "17:54:43 PDT"]
[Termination "NTBT_DHS won on time"]

1. d4 g6 2. c4 Nf6 3. Nc3 Bg7 4.
e4 d6 5. Nf3 O-O 6. Be2 Na6 7.
O-O e5 8. Re1 Qe8 9. Bf1 Bg4 10.
d5 Nh5 11. h3 Bd7 12. g3 f5 13. exf5 gxf5 14. Ng5 Nf6 15. Bg2 Kh8 16. Rb1 Nc5 17. b4 Na4 18. Nxa4 Bxa4 19. Qd3 e4 20. Qe2 Bd7 21.
h4 Ng4 22. Bb2 Ne5 23. Rbd1 Qg6 24. Nh3 Rae8 25. Nf4 Qh6 26. Qc2 Rg8 27. Bc1 Qf6 28. Nh5 Qf7 29. Nxg7 Rxg7 30. Bb2 f4 31. Qxe4 Rf8 32.
Bxe5 dxe5 33. Qxe5 fxg3 34. fxg3 Qf2+ 35. Kh2 Rf3 36.
Rf1 Qxg3+ 37. Qxg3 Rfxg3 38. Rf8+ Rg8 39. Rxg8+ Rxg8 40. Rd4 Re8 41. d6 c6 42. c5 Re2 43. Kg3 Rxa2 44. Re4 Ra3+ 45. Kf4 Rb3 46. Bf3 Kg8 47.
Bg4 Bxg4 48. Kxg4 Rd3 49. Kf5 Kf8 50. Ke6 Ke8 51. Kf6+ Kd8 52. Kg7 b6 53. Kxh7 Rd5 54. Rc4 bxc5 55. bxc5 a5 56. Kg6 a4 57. h5 a3 58. h6 a2 59. Ra4 Rd2 60. h7 Rg2+ 61.
Kf5 Rf2+ 62. Ke4 Rh2 63. Rxa2 1-0

[Event "*** Titled Tuesday 3|2 Blitz (Late)"]
[Site "Chess.com"]
[Date "2016.11.01"]
[Round "4"]
[White "jk13"]
[Black "Alexander_Moskalenko"]
[Result "1/2-1/2"]
[WhiteElo "2517"]
[BlackElo "2660"]
[TimeControl "180+2"]
[EndTime "17:54:47 PDT"]
[Termination "Game drawn - insufficient material"]

1. e4 e5 2. Nf3 Nc6 3. Bc4 Nf6 4. d3 Be7 5. O-O h6 6. Re1 O-O 7. a4 d6 8. a5 a6 9. Nc3 Be6 10. Nd5 Nd7 11. c3 Kh8 12. Ne3 Bg5 13. Nxg5 Qxg5 14. Nd5 Qd8 15. b4 Ne7 16. Ne3 Ng6 17.
Nf5 Nf6 18. Qf3 Nh7 19. Qg3 Qf6 20. Ne3 Nf4 21. h4 Nh5 22. Qh2 Nf4 23. Qg3 Rad8 24.
Nd5 Bxd5 25. Bxd5 Nxd5 26. exd5 Qg6 27. Qxg6 fxg6 28. c4 Nf6 29. f3 Nh5 30. Be3 Nf4 31. Ra3 Kh7 32. Kf2 c6 33. dxc6 bxc6 34. Bb6 Rc8 35.
d4 exd4 36. Bxd4 c5 37. bxc5 dxc5 38. Be5 Rcd8 39. Re4 g5 40. hxg5 hxg5 41. Bxf4 Rxf4 42. Re5 Rxc4 43. Rxg5 Rc2+ 44. Kg3 c4 45. Ra4 Rc8 46.
Rg4 c3 47. Rac4 Rxc4 48. Rxc4 Kg6 49. Rc6+ Kf5 50. Rxa6 Ke5 51. Rc6 Kd4 52. Rc7 Ra2 53. Rd7+ Kc4 54. Rc7+ Kb4 55. Rb7+ Kc4 56. Rc7+ Kd4 57.
Rd7+ Ke3 58. Rxg7 Rxa5 59. Rc7 Kd2 60. f4 c2 61. Kg4 c1=Q 62. Rxc1 Kxc1 63. f5 Kd2 64. f6 Ke3 65. f7 Ra8 66. Kf5 Rf8 67.
Kf6 Kf4 68. Kg7 Ra8 69. f8=Q+ Rxf8 70. Kxf8 Kg3 71. Kf7 Kxg2 1/2-1/2

[Event "*** Titled Tuesday 3|2 Blitz (Late)"]
[Site "Chess.com"]
[Date "2016.11.01"]
[Round "4"]
[White "Noukii"]
[Black "KyronGriffith"]
[Result "1/2-1/2"]
[WhiteElo "2649"]
[BlackElo "2309"]
[TimeControl "180+2"]
[EndTime "17:54:49 PDT"]
[Termination "Game drawn - insufficient material"]

1. d4 d5 2. c4 e6 3. Nc3 Be7 4. Nf3 Nf6 5. g3 O-O 6. Bg2 c6 7. O-O Nbd7 8. Bf4 b6 9. Nd2 Bb7 10. e4 dxe4 11. Ndxe4 Nxe4 12. Nxe4 Nf6 13. Qc2 Nxe4 14.
Bxe4 h6 15. Rad1 Bg5 16. Be5 f6 17. h4 Bxh4 18. Bf4 Bg5 19. Bxg5 fxg5 20. c5 b5 21. Qe2 Qf6 22. Qe3 a5 23. Rfe1 Rad8 24. Bc2 Bc8 25.
Rd2 g6 26. Qe4 Kg7 27. Qxc6 Rxd4 28. Rde2 e5 29. Qc7+ Rd7 30. Qxe5 Qxe5 31. Rxe5 Rd2 32. R1e2 Rxe2 33. Rxe2 Rd8 34. Re7+ Kf6 35. Rc7 Bf5 36. Bxf5 gxf5 37. Rc6+ Ke5 38. Rb6 b4 39. Rxh6 Rc8 40. c6 Kd5 41. Rg6 Rxc6 42. Rxg5 Ke4 43.
g4 fxg4 44. Rxa5 Rc2 45. b3 Kf3 46. Rf5+ Ke4 47. Rb5 Rxa2 48. Kg2 Rc2 49. Rxb4+ Kf5 50. Rc4 Rb2 51. b4 Rb3 52. Rc5+ Kf4 53. b5 Ke4 54.
Kf1 Kf3 55. Rf5+ Ke4 56. Rg5 Kf3 57. Rf5+ Ke4 58. Rf8 Rxb5 59. Kg2 Rb3 60. Rf7 Ke5 61. Rg7 Kf5 62. Rg8 Kf4 63. Rf8+ Kg5 64. Rf7 Kg6 65.
Rf4 Kg5 66. Rc4 Kf5 67. Rd4 Kg5 68. Kf1 Kf5 69. Ke2 Kg5 70. Rd8 Kf5 71. Rf8+ Kg5 72. Re8 Kf5 73. Re7 Kg5 74. Re3 Rxe3+ 75. Kxe3 Kf5 76.
Ke2 Ke4 77. Kf1 Kf3 78. Kg1 g3 79. fxg3 Kxg3 1/2-1/2

[Event "*** Titled Tuesday 3|2 Blitz (Late)"]
[Site "Chess.com"]
[Date "2016.11.01"]
[Round "4"]
[White "GrigorGrigorov"]
[Black "spirals5"]
[Result "1-0"]
[WhiteElo "2575"]
[BlackElo "2264"]
[TimeControl "180+2"]
[EndTime "17:55:01 PDT"]
[Termination "GrigorGrigorov won by resignation"]

1. d4 d5 2. Bf4 Nf6 3. e3 e6 4.
Nf3 Bd6 5. Bg3 O-O 6. c3 b6 7. Nbd2 Bb7 8. Bd3 Nbd7 9. Ne5 Bxe5 10. dxe5 Ne4 11. Qh5 g6 12. Qh6 Qg5 13. Qxg5 Nxg5 14. f3 h5 15. h4 Nh7 16. Bf4 Nc5 17. Bc2 Ba6 18. O-O-O Nd3+ 19. Bxd3 Bxd3 20. Nb3 Ba6 21. Kd2 c5 22. Ke1 Bc4 23. Nc1 f5 24. exf6 Rxf6 25. b3 Ba6 26. Nd3 Bxd3 27. Rxd3 Re8 28.
Ke2 Rf7 29. c4 e5 30. Bg3 d4 31. b4 Nf6 32. bxc5 bxc5 33. e4 Rb7 34. Rhd1 Nd7 35.
Ra3 Re6 36. Rdd3 Reb6 37. Rdb3 Rxb3 38. axb3 Kf7 39. Kd3 Ke6 40. Kc2 Nb8 41. Ra5 Kd6 42. f4 exf4 43. Bxf4+ Kc6 44. Bxb8 Rxb8 45. Ra6+ Kd7 46.
Rxg6 Rf8 47. Rg5 Rf2+ 48. Kd3 Kd6 49. Rd5+ Kc6 50. Rxh5 Rxg2 51. Rh6+ Kc7 52. e5 Rg3+ 53.
Ke4 Rxb3 54. Rh7+ Kc6 55. Rh6+ Kc7 56. h5 Re3+ 57. Kf4 Re1 58. Rd6 Rh1 59. h6 a5 60. Ke4 a4 61. Ra6 a3 62. Ra7+ Kb6 63.
Rxa3 Rxh6 64. Kd5 Rh5 65. Kd6 Rh1 66. e6 Re1 67. e7 Re2 68. Kd7 Re1 69. e8=Q Rxe8 70.
Kxe8 1-0

[Event "*** Titled Tuesday 3|2 Blitz (Late)"]
[Site "Chess.com"]
[Date "2016.11.01"]
[Round "4"]
[White "Tarlev_Konstantin"]
[Black "Genghis_K"]
[Result "0-1"]
[WhiteElo "2600"]
[BlackElo "2696"]
[TimeControl "180+2"]
[EndTime "17:55:11 PDT"]
[Termination "Genghis_K won by resignation"]

1. c4 Nf6 2. Nf3 g6 3. g3 Bg7 4.
Bg2 O-O 5. O-O d6 6. Nc3 Nc6 7. d4 Rb8 8. b3 a6 9. Nd5 e6 10. Ne3 b5 11. Bb2 bxc4 12. Nxc4 Bb7 13. Rc1 Ba8 14.
Re1 Ne4 15. Nfd2 Nxd2 16. Qxd2 Ne7 17. Bxa8 Rxa8 18. Na5 Qd7 19. Rc2 f5 20. Rec1 Nd5 21. Nc6 Rf7 22. Qd3 a5 23. a3 f4 24. Qe4 Raf8 25. Rf1 Bh6 26. Bc1 Bg7 27. Bd2 f3 28. exf3 Rxf3 29. Bxa5 Rxb3 30. Bb4 Rbf3 31. Re1 R3f6 32. Ree2 Qf7 33. Ne5 dxe5 34. Bxf8 Qxf8 35. dxe5 Rf3 36. a4 Ra3 37. h4 Ra1+ 38. Kg2 Qa8 39. Rc4 Qb7 40. Kh2 Bf8 41. h5 gxh5 42.
Rec2 Qb1 43. Qg2 Rxa4 44. Rxa4 Qxc2 45. Rh4 Qf5 46. Re4 Bg7 47. f4 Qg4 48. Qf2 Bf8 49.
Ra4 Kf7 50. Ra8 Be7 51. Ra4 h4 52. gxh4 Qxh4+ 53. Qxh4 Bxh4 54. Kh3 Be7 55. Kg4 Ne3+ 56. Kf3 Nf5 57. Ra7 c5 58. Rc7 h5 59. Rc8 h4 60.
Kg4 Ne3+ 61. Kh3 Kg6 62. Rc7 Bf8 63. Rc8 Bh6 64. Rxc5 Bxf4 65. Kxh4 Kf5 66. Rc8 Kxe5 67. Rc5+ Ke4 68. Kh5 e5 69. Kg6 Kf3 70. Kf6 e4 71. Ke6 Ng4 72. Kf5 e3 73. Rc2 Nh6+ 0-1

[Event "*** Titled Tuesday 3|2 Blitz (Late)"]
[Site "Chess.com"]
[Date "2016.11.01"]
[Round "4"]
[White "jposthuma"]
[Black "stalyansky"]
[Result "1/2-1/2"]
[WhiteElo "2175"]
[BlackElo "2208"]
[TimeControl "180+2"]
[EndTime "17:55:32 PDT"]
[Termination "Game drawn by stalemate"]

1. d4 d5 2. Nf3 Nf6 3. Bf4 Bf5 4.
e3 h6 5. c4 e6 6. Nc3 Bd6 7. c5 Bxf4 8. exf4 O-O 9. Qb3 b6 10.
Qa3 Nc6 11. Bb5 Ne7 12. b4 Ne4 13. Ne5 a6 14. Nc6 Nxc6 15. Bxc6 Rb8 16. Nxe4 dxe4 17. Qe3 bxc5 18. bxc5 Rb4 19. Rd1 Qf6 20. Bxe4 Bxe4 21. Qxe4 Rd8 22. O-O Rbxd4 23. Rxd4 Rxd4 24. Qb7 Qxf4 25. Qxa6 Ra4 26. Qc8+ Kh7 27. g3 Qe5 28. Qd7 Rxa2 29.
Qxf7 Rc2 30. h4 Rxc5 31. h5 Qxh5 32. Qxe6 Rg5 33. Qe4+ Rg6 34. Rc1 c5 35. Qc2 Qg5 36. Qxc5 Qf6 37. Qc3 Qf5 38. Qc2 Qd5 39. Rd1 Qe6 40. Kg2 Qf6 41. Rd5 Kg8 42. Qc8+ Kh7 43. Qf5 Qxf5 44. Rxf5 Re6 45. Kh3 Kg6 46. Rf8 Re2 47.
f4 Re1 48. Ra8 Rh1+ 49. Kg2 Rb1 50. Ra5 Rb2+ 51. Kh3 Rb3 52. Kg4 Rb4 53. Ra6+ Kh7 54.
Re6 Rb5 55. Kh4 Rc5 56. g4 Rd5 57. f5 Rd1 58. Kg3 Rd2 59. Re4 Rd3+ 60. Kf4 Rc3 61. Ke5 Rf3 62. Ke6 Ra3 63. Kf7 Ra7+ 64. Re7 Rxe7+ 65.
Kxe7 Kg8 66. Ke8 Kh7 67. Kf7 Kh8 68. Kg6 Kg8 69. f6 gxf6 70. Kxf6 h5 71. gxh5 Kh7 72. Kg5 Kh8 73. h6 Kh7 74. Kh5 Kh8 75. Kg6 Kg8 76. Kg5 Kh7 77. Kh5 Kh8 78. Kg6 Kg8 79.
h7+ Kh8 80. Kh6 1/2-1/2

[Event "*** Titled Tuesday 3|2 Blitz (Late)"]
[Site "Chess.com"]
[Date "2016.11.01"]
[Round "4"]
[White "MFBerna"]
[Black "KingFlorida"]
[Result "1-0"]
[WhiteElo "2181"]
[BlackElo "2289"]
[TimeControl "180+2"]
[EndTime "17:55:54 PDT"]
[Termination "MFBerna won by checkmate"]

1. e4 Nf6 2. e5 Nd5 3. d4 d6 4.
Nf3 Bg4 5. Be2 c6 6. O-O Bxf3 7. Bxf3 dxe5 8. dxe5 e6 9. Qe2 Nd7 10. b3 Ne7 11.
Bb2 Ng6 12. Nd2 Bb4 13. Nc4 O-O 14. a3 Ba5 15. Nxa5 Qxa5 16. Rfe1 Rfd8 17. b4 Qc7 18. Rad1 a5 19. g3 axb4 20. axb4 Ra2 21. Ba1 Ne7 22. Qc4 Raa8 23. Qb3 Nf5 24. Bb2 Nb6 25. c4 h6 26. Bg4 Ne7 27. Bd4 Nd7 28. Qe3 b6 29.
b5 c5 30. Bc3 Nf8 31. Bf3 Nf5 32. Qe4 Rxd1 33. Rxd1 Rd8 34. Rxd8 Qxd8 35. Bg4 g6 36. Kg2 h5 37. Bf3 Nd7 38. Bb2 Qc7 39. Bc3 Nd4 40.
Bxd4 cxd4 41. Qxd4 Nxe5 42. Be2 Nd7 43. f4 Nc5 44. Bf3 Qa7 45. Qd8+ Kg7 46. Qd4+ Kg8 47. Kh3 Qc7 48. Bc6 Kh7 49. Qf6 Kg8 50. Kh4 Nb3 51. Kg5 Kh7 52. Be8 Kg8 53. Kh6 Kf8 54. Bc6 Nc5 55. Qh8+ Ke7 56. Qd4 Qd6 57. Qg7 Qc7 58. Kh7 Nd7 59. Bxd7 Qxd7 60. Qe5 Qc8 61. Qg5+ Kf8 62. Qh6+ Ke7 63. Qg5+ Kf8 64. Qf6 Qc7 65. Qh8+ Ke7 66. Qd4 Qb8 67. Kg7 Qf8+ 68. Kh7 Qb8 69. c5 f6 70. cxb6 Qe8 71. Qc5+ Kf7 72. Qc7+ Kf8 73.
Qg7# 1-0

[Event "*** Titled Tuesday 3|2 Blitz (Late)"]
[Site "Chess.com"]
[Date "2016.11.01"]
[Round "5"]
[White "howitzer14"]
[Black "chito89"]
[Result "1-0"]
[WhiteElo "2780"]
[BlackElo "2488"]
[TimeControl "180+2"]
[EndTime "17:59:22 PDT"]
[Termination "howitzer14 won by resignation"]

1. e4 d6 2. d4 g6 3. Nf3 Bg7 4. Bc4 e6 5. O-O a6 6. a4 b6 7. d5 e5 8. a5 b5 9. Bd3 Nf6 10. c4 bxc4 11. Qa4+ Bd7 12. Qxc4 Bb5 13. Qc2 Bxd3 14. Qxd3 c5 15. dxc6 Nxc6 16. Bg5 O-O 17. Nc3 Nxa5 18. Bxf6 Bxf6 19. Qd5 1-0

[Event "*** Titled Tuesday 3|2 Blitz (Late)"]
[Site "Chess.com"]
[Date "2016.11.01"]
[Round "5"]
[White "enfanterrible"]
[Black "pedromartinez91"]
[Result "0-1"]
[WhiteElo "2121"]
[BlackElo "2304"]
[TimeControl "180+2"]
[EndTime "18:01:03 PDT"]
[Termination "pedromartinez91 won by resignation"]

1. d4 d5 2. c4 e6 3. e3 Nf6 4. Nf3 Be7 5. Nbd2 Nbd7 6. a3 c5 7. dxc5 Nxc5 8. b4 Nce4 9. Bb2 Nc3 10. Bxc3 O-O 11. c5 Ne4 12. Nxe4 dxe4 13. Qxd8 Rxd8 14.
Nd2 f5 15. Bc4 Kf7 16. Nb3 Bf6 17. Bxf6 Kxf6 18. Ke2 Bd7 19. Rhd1 Be8 20. Rxd8 Rxd8 21. Rd1 Bh5+ 22. f3 exf3+ 23. gxf3 Bxf3+ 24. Kxf3 Rxd1 25. Nd4 e5 26. Nb5 Rd2 27. e4 fxe4+ 28. Kxe4 a6 29. Nd6 g5 30. Nxb7 Rd4+ 31. Ke3 Rxc4 32.
Nd6 Rd4 33. Ne4+ Kf5 34. Nc3 h5 35. c6 Rc4 36. Nd5 Ke6 0-1

[Event "*** Titled Tuesday 3|2 Blitz (Late)"]
[Site "Chess.com"]
[Date "2016.11.01"]
[Round "5"]
[White "fastestmindalive"]
[Black "GianmarcoVaR"]
[Result "1-0"]
[WhiteElo "2534"]
[BlackElo "2409"]
[TimeControl "180+2"]
[EndTime "18:01:37 PDT"]
[Termination "fastestmindalive won by resignation"]

1. e4 c5 2. Nc3 a6 3. Nf3 d6 4. d4 cxd4 5. Nxd4 Nf6 6. h3 e5 7.
Nde2 Be6 8. g4 Be7 9. Bg2 Nc6 10. Be3 O-O 11. b3 Rc8 12. Nd5 Bxd5 13. exd5 Nb4 14. c3 Nc6 15. dxc6 bxc6 16. O-O d5 17. f4 e4 18. Nd4 Re8 19. Nf5 Bf8 20. g5 Nd7 21.
Qg4 Nc5 22. h4 Nd3 23. h5 Kh8 24. h6 g6 25. Bd4+ Kg8 26. Ne3 c5 27. Bf6 Qd6 28. f5 Bxh6 29. fxg6 Bg7 30. gxf7+ 1-0

[Event "*** Titled Tuesday 3|2 Blitz (Late)"]
[Site "Chess.com"]
[Date "2016.11.01"]
[Round "5"]
[White "DanielNaroditsky"]
[Black "yurisolo"]
[Result "1-0"]
[WhiteElo "2736"]
[BlackElo "2538"]
[TimeControl "180+2"]
[EndTime "18:01:48 PDT"]
[Termination "DanielNaroditsky won by resignation"]

1. d4 g6 2. e4 Bg7 3. Nc3 d6 4.
Nf3 Nf6 5. Be2 O-O 6. O-O Na6 7. h3 c5 8. d5 Rb8 9. a4 Nb4 10. Bf4 b6 11. e5 Ne8 12. Qd2 Bf5 13. Rac1 a6 14.
g4 Bc8 15. Rfd1 Qc7 16. Qe3 dxe5 17. Nxe5 Nd6 18. Nc6 Nxc6 19. dxc6 Bd4 20. Rxd4 cxd4 21. Qxd4 Qxc6 22. Nd5 Re8 23. Bh6 e5 24. Nf6+ Kh8 25.
Qxd6 Qxd6 26. Bg7+ Kxg7 27. Nxe8+ Kf8 28. Nxd6 1-0

[Event "*** Titled Tuesday 3|2 Blitz (Late)"]
[Site "Chess.com"]
[Date "2016.11.01"]
[Round "5"]
[White "Scott-fox21"]
[Black "michaelk123"]
[Result "0-1"]
[WhiteElo "2188"]
[BlackElo "2150"]
[TimeControl "180+2"]
[EndTime "18:01:58 PDT"]
[Termination "michaelk123 won by resignation"]

1. d4 Nf6 2. c4 g6 3. Nc3 d5 4.
cxd5 Nxd5 5. Bd2 Bg7 6. e4 Nxc3 7. Bxc3 O-O 8. Qd2 Nc6 9. d5 Ne5 10. f4 Ng4 11. Bxg7 Kxg7 12. h3 Nf6 13. Bd3 c6 14. dxc6 Qb6 15. cxb7 Bxb7 16. e5 Nd5 17. Ne2 Rfd8 18.
Be4 Ne3 19. Bd3 Nxg2+ 20. Kf1 Ne3+ 21. Kf2 Nc4+ 0-1

[Event "*** Titled Tuesday 3|2 Blitz (Late)"]
[Site "Chess.com"]
[Date "2016.11.01"]
[Round "5"]
[White "gmshanmeruga"]
[Black "PaulfromSPb"]
[Result "1-0"]
[WhiteElo "2296"]
[BlackElo "2475"]
[TimeControl "180+2"]
[EndTime "18:02:15 PDT"]
[Termination "gmshanmeruga won by resignation"]

1. e4 c5 2. Nf3 a6 3. Nc3 d6 4. d4 cxd4 5. Nxd4 Nf6 6. Bg5 e6 7. f4 Nbd7 8. Bc4 Qc7 9. Bb3 Nc5 10. Bxf6 gxf6 11. f5 Nxb3 12. axb3 h5 13. Qd3 Be7 14. O-O-O Bd7 15. fxe6 fxe6 16. e5 O-O-O 17. Nf5 exf5 18.
Nd5 Bb5 19. Qxf5+ Bd7 20. e6 Qc5 21. Nxe7+ Kc7 22. Nd5+ Kc8 23. exd7+ Rxd7 24. Rd3 Qa5 25. Ne7+ 1-0

[Event "*** Titled Tuesday 3|2 Blitz (Late)"]
[Site "Chess.com"]
[Date "2016.11.01"]
[Round "5"]
[White "TheSovietChess"]
[Black "GM_Barcenilla"]
[Result "1-0"]
[WhiteElo "2542"]
[BlackElo "2674"]
[TimeControl "180+2"]
[EndTime "18:02:22 PDT"]
[Termination "TheSovietChess won by resignation"]

1. d4 g6 2. c4 Bg7 3. Nf3 Nf6 4. Nc3 d6 5. e4 O-O 6. Bd3 Nc6 7. d5 Nb8 8. O-O a5 9. h3 Na6 10. a3 c6 11. Bg5 cxd5 12. exd5 Nc5 13. Bc2 e6 14. b4 axb4 15. axb4 Rxa1 16. Qxa1 Na6 17. Qa3 Nc7 18. Rd1 exd5 19. cxd5 Bd7 20. Qb3 Nb5 21. Ne4 h6 22.
Nxf6+ Bxf6 23. Bxh6 Re8 24. Bd2 Qb6 25. Re1 Rxe1+ 26. Bxe1 Nd4 27. Nxd4 Bxd4 28. Qc4 Qa7 29. g4 Qa1 30. Kf1 Kg7 31. Bd3 Bf6 32. Be2 Ba4 33.
Qd3 Qe5 34. Kg2 Bb3 35. Qxb3 Qxe2 36. Qe3 Qc4 37. Qd2 Bd4 38. f3 b5 39. h4 Be5 40. h5 gxh5 41. gxh5 Kh7 42. Bg3 Bd4 43.
Bxd6 Bc3 44. Qc2+ Kg7 45. Bc5 Kh6 46. d6 1-0

[Event "*** Titled Tuesday 3|2 Blitz (Late)"]
[Site "Chess.com"]
[Date "2016.11.01"]
[Round "5"]
[White "nonscitis"]
[Black "cheese111"]
[Result "1-0"]
[WhiteElo "2320"]
[BlackElo "2244"]
[TimeControl "180+2"]
[EndTime "18:02:40 PDT"]
[Termination "nonscitis won on time"]

1. e4 d5 2. exd5 Nf6 3. Nc3 Nxd5 4. Qf3 Nb6 5. a4 Nc6 6. a5 Nd4 7. Qd1 Nd5 8. Nf3 Bg4 9. a6 Bxf3 10. gxf3 Qd7 11.
axb7 Qe6+ 12. Qe2 Rb8 13. Qxe6 fxe6 14. Rxa7 Kd7 15. Kd1 Kc6 16. Bh3 Kb6 17. Ra4 c5 18. Nxd5+ exd5 19. Bc8 e5 20. b3 1-0

[Event "*** Titled Tuesday 3|2 Blitz (Late)"]
[Site "Chess.com"]
[Date "2016.11.01"]
[Round "5"]
[White "GrigorGrigorov"]
[Black "GMMelik"]
[Result "1-0"]
[WhiteElo "2579"]
[BlackElo "2374"]
[TimeControl "180+2"]
[EndTime "18:03:14 PDT"]
[Termination "GrigorGrigorov won by resignation"]

1. d4 d5 2. Nf3 c6 3. c4 Nf6 4.
Nbd2 g6 5. g3 Bg7 6. Bg2 O-O 7.
O-O Bf5 8. b3 Ne4 9. Bb2 Nxd2 10.
Qxd2 Be4 11. e3 e6 12. Rfd1 Nd7 13. Bc3 b5 14. cxb5 cxb5 15. Ba5 Qf6 16. Qe2 Rfc8 17. Rac1 a6 18. Ne1 Bxg2 19. Kxg2 Bf8 20. Nd3 Ba3 21. Rc2 Qe7 22. Rdd2 Bd6 23. Rxc8+ Rxc8 24. Rc2 Qe8 25. Qd2 Nb8 26. Bb4 Bxb4 27. Nxb4 a5 28. Nd3 Rxc2 29. Qxc2 Qc6 30. Qd2 b4 31. Ne5 Qc3 32. Qe2 Nc6 33. Nd7 e5 34. Qa6 Kg7 35. Qc8 Kh6 36. Qf8+ Kh5 37.
Qxf7 1-0

[Event "*** Titled Tuesday 3|2 Blitz (Late)"]
[Site "Chess.com"]
[Date "2016.11.01"]
[Round "5"]
[White "chessking2151"]
[Black "calemcc"]
[Result "1-0"]
[WhiteElo "2331"]
[BlackElo "2208"]
[TimeControl "180+2"]
[EndTime "18:03:17 PDT"]
[Termination "chessking2151 won by resignation"]

1. e4 e6 2. d4 d5 3. Nd2 Nc6 4.
Ngf3 Nf6 5. e5 Nd7 6. Bd3 Nb4 7.
Be2 c5 8. c3 Nc6 9. O-O f6 10.
exf6 Qxf6 11. Re1 Bd6 12. Nf1 O-O 13. Ne3 h6 14. Ng4 Qf7 15. Bd3 Qh5 16. h3 e5 17.
dxe5 Ndxe5 18. Nfxe5 Nxe5 19. Nf6+ Rxf6 20. Qxh5 Nxd3 21.
Qxd5+ Kf8 22. Qxd3 Bf5 23. Qe2 Re6 24. Be3 Kg8 25.
Rad1 Rae8 26. Qf3 Be4 27. Qe2 Rg6 28. f3 Bc6 29. Qc4+ Kh7 30. Bxc5 Bxf3 31. Rxe8 Rxg2+ 32. Kf1 Bh2 33. Qd3+ Rg6 34. Qxf3 Rf6 35. Qxf6 gxf6 1-0

[Event "*** Titled Tuesday 3|2 Blitz (Late)"]
[Site "Chess.com"]
[Date "2016.11.01"]
[Round "5"]
[White "kereswasbest"]
[Black "jposthuma"]
[Result "0-1"]
[WhiteElo "2130"]
[BlackElo "2186"]
[TimeControl "180+2"]
[EndTime "18:03:30 PDT"]
[Termination "jposthuma won by resignation"]

1. d4 Nf6 2. c4 c5 3. d5 b5 4. cxb5 a6 5. Nc3 axb5 6. e4 b4 7.
Nb5 d6 8. Bf4 Nxe4 9. Qe2 g5 10.
Qxe4 gxf4 11. Nf3 Bg7 12. Bd3 Bxb2 13. O-O Bxa1 14. Rxa1 Bg4 15. Ng5 Bh5 16. Re1 h6 17.
Qxf4 hxg5 18. Nxd6+ Kf8 19. Qe5 f6 20. Qe6 Qxd6 21.
Qc8+ Kg7 22. Qb7 Rxa2 23. Rxe7+ Kf8 24. Re6 Ra1+ 25. Bf1 Rxf1+ 26. Kxf1 Qxh2 27. Qc8+ Kg7 28. Re7+ Bf7 29. Rxf7+ Kxf7 30. Qxh8 Qxh8 0-1

[Event "*** Titled Tuesday 3|2 Blitz (Late)"]
[Site "Chess.com"]
[Date "2016.11.01"]
[Round "5"]
[White "KNVB"]
[Black "pKiLz5Rn9b"]
[Result "0-1"]
[WhiteElo "2572"]
[BlackElo "2504"]
[TimeControl "180+2"]
[EndTime "18:03:33 PDT"]
[Termination "pKiLz5Rn9b won on time"]

1. d4 e6 2. Nf3 Nf6 3. Bf4 d5 4.
e3 Bd6 5. Bg3 O-O 6. Nbd2 b6 7.
Bd3 Bb7 8. O-O c5 9. c3 Nc6 10. Ne5 Qc7 11. f4 Ne7 12. Bh4 Ne4 13. Bxe7 Qxe7 14.
Nxe4 dxe4 15. Be2 Rad8 16. Qa4 f6 17. Nc4 Bb8 18. Rad1 Bd5 19. Rfe1 Rc8 20. Qb5 Rfd8 21. a4 Bc6 22. Qb3 Qe8 23. Ra1 Bd5 24. Qa2 cxd4 25. cxd4 Qc6 26. b3 Bd6 27. Rac1 Bb4 28. Red1 a6 29.
Qb1 Qb7 30. Qb2 Rc7 31. Na3 Rdc8 32. Rxc7 Rxc7 33. Rc1 Kf7 34. Rxc7+ Qxc7 35. Bxa6 Bxa3 36. Qxa3 Qc3 37. Kf2 Bxb3 38. Be2 Qc2 39. a5 Bc4 40. axb6 Qxe2+ 41. Kg3 Qe1+ 42. Kh3 g5 43. fxg5 fxg5 44. g3 Qf1+ 45. Kg4 Qf5+ 46. Kh5 Be2+ 0-1

[Event "*** Titled Tuesday 3|2 Blitz (Late)"]
[Site "Chess.com"]
[Date "2016.11.01"]
[Round "5"]
[White "Wilsonpalencia"]
[Black "pastouche06"]
[Result "1-0"]
[WhiteElo "2291"]
[BlackElo "2295"]
[TimeControl "180+2"]
[EndTime "18:03:36 PDT"]
[Termination "Wilsonpalencia won by checkmate"]

1. e4 c6 2. d4 d5 3. e5 Bf5 4. Nc3 e6 5. g4 Bg6 6. Nge2 c5 7. h4 h5 8. Nf4 Bh7 9. Nxh5 Nc6 10. Bb5 cxd4 11.
Qxd4 Bxc2 12. Bg5 Qa5 13. Rc1 Be4 14. O-O Bh7 15. Nxd5 Rc8 16. Rfd1 f6 17. exf6 Qxb5 18.
fxg7 Bxg7 19. Nxg7+ Kf7 20. Qf4+ Kxg7 21. Bh6+ Nxh6 22.
Qf6+ Kg8 23. Ne7+ Nxe7 24. Rxc8+ Nxc8 25. Rd8+ Qe8 26. Rxe8# 1-0

[Event "*** Titled Tuesday 3|2 Blitz (Late)"]
[Site "Chess.com"]
[Date "2016.11.01"]
[Round "5"]
[White "KingFlorida"]
[Black "norwaytoadog"]
[Result "1-0"]
[WhiteElo "2291"]
[BlackElo "1982"]
[TimeControl "180+2"]
[EndTime "18:03:49 PDT"]
[Termination "KingFlorida won on time"]

1. Nf3 Nc6 2. d4 d5 3. Bf4 Bg4 4. Nbd2 e6 5. e3 Bd6 6. Bxd6 cxd6 7. h3 Bh5 8. Be2 Qb6 9. O-O Nge7 10. b3 a5 11. c4 O-O 12. Rc1 a4 13. bxa4 Qa5 14. cxd5 exd5 15. Bb5 Bg6 16. Nb3 Qb4 17. Qd2 Qa3 18.
Rc3 Qb4 19. Ra1 Na5 20. Rc7 Qxd2 21. Nfxd2 Nec6 22. Rc1 Nb4 23. Nxa5 Rxa5 24. a3 Nd3 25. R1c3 Nb2 26. Nb3 Ra7 27. a5 Nd1 28. Rc1 Nb2 29. a6 1-0

[Event "*** Titled Tuesday 3|2 Blitz (Late)"]
[Site "Chess.com"]
[Date "2016.11.01"]
[Round "5"]
[White "hermionegrangermagic"]
[Black "Gabrielian_Artur"]
[Result "0-1"]
[WhiteElo "2231"]
[BlackElo "2549"]
[TimeControl "180+2"]
[EndTime "18:03:50 PDT"]
[Termination "Gabrielian_Artur won by resignation"]

1. e4 c5 2. Nf3 d6 3. d4 cxd4 4.
Nxd4 Nf6 5. Nc3 a6 6. a4 e6 7. Be2 Nbd7 8. O-O b6 9. f4 Bb7 10. Bf3 Qc7 11. Qe2 h5 12. Rd1 Rc8 13. Nb3 Be7 14. Bd2 e5 15. fxe5 dxe5 16. Bg5 g6 17.
Rd2 Nf8 18. Bxf6 Bxf6 19. Nd5 Bxd5 20. exd5 Rd8 21. Qxa6 Nh7 22. a5 bxa5 23. d6 Qb8 24. d7+ Kf8 25. Rxa5 Kg7 26. Rb5 Qc7 27. Rc5 Qb8 28.
Bb7 Bg5 29. Rd3 e4 30. Rdc3 Qf4 31. Rd5 e3 32. Qe2 Nf6 33. Rd4 Qb8 34. Bf3 Rxd7 35. Rxd7 Nxd7 36. Rxe3 Qa7 37. Kf2 Re8 38. Be4 Rxe4 0-1

[Event "*** Titled Tuesday 3|2 Blitz (Late)"]
[Site "Chess.com"]
[Date "2016.11.01"]
[Round "5"]
[White "Noukii"]
[Black "g2_g3"]
[Result "1-0"]
[WhiteElo "2649"]
[BlackElo "1845"]
[TimeControl "180+2"]
[EndTime "18:04:05 PDT"]
[Termination "Noukii won by resignation"]

1. d4 f5 2. Nc3 Nf6 3. Bg5 e6 4. e4 fxe4 5. Nxe4 Be7 6. Bxf6 Bxf6 7. Nf3 O-O 8. Bd3 Nc6 9. c3 d5 10. Nxf6+ Qxf6 11. Qe2 Bd7 12. O-O Rae8 13. Rae1 Re7 14.
Qd2 g6 15. Ne5 Nxe5 16. Rxe5 Qf4 17. Qe2 b6 18. f3 Ref7 19. g3 Qf6 20. f4 c5 21. h4 cxd4 22. cxd4 Rc8 23. h5 gxh5 24. Qxh5 Rg7 25. Kf2 Be8 26. Qh3 Rc6 27. Rfe1 Bg6 28. Bb5 Rc2+ 29. R1e2 Rxe2+ 30. Kxe2 Bf5 31. Qh2 Qg6 32.
Kf2 Be4 33. Qh4 Kf7 34. Be2 Qf6 35. Qh2 Ke7 36. Ke3 Qg6 37. g4 h5 38. Qxh5 Qxh5 39.
Rxh5 Kd6 40. Rh6 Rg6 41. Rxg6 Bxg6 42. Bd3 Bf7 43. g5 Ke7 44. f5 exf5 45. Bxf5 Kd6 46. Kf4 Bg8 47. g6 b5 48. b4 a6 49. a3 1-0

[Event "*** Titled Tuesday 3|2 Blitz (Late)"]
[Site "Chess.com"]
[Date "2016.11.01"]
[Round "5"]
[White "FearlessKing64"]
[Black "Kubas1010"]
[Result "0-1"]
[WhiteElo "2156"]
[BlackElo "2416"]
[TimeControl "180+2"]
[EndTime "18:04:28 PDT"]
[Termination "Kubas1010 won by resignation"]

1. e4 c5 2. Nf3 Nc6 3. d4 cxd4 4.
Nxd4 Nf6 5. Nc3 d6 6. Bg5 e6 7. Qd2 a6 8. O-O-O Bd7 9. Kb1 b5 10. Nxc6 Bxc6 11. a3 Rb8 12. Qe1 Qb6 13. Be3 Qb7 14.
Nd5 Nxe4 15. f3 Bxd5 16. fxe4 Bxe4 17. Bd4 e5 18. Bc3 Be7 19. Bd3 Bxd3 20. Rxd3 O-O 21. Rg3 Bh4 22. Qe2 Bxg3 23. hxg3 f6 24. Qh5 g6 25.
Qh3 Rfe8 26. g4 d5 27. g5 d4 28. Bb4 f5 29. Qb3+ Qf7 30. Qxf7+ Kxf7 31. Rxh7+ Ke6 32. Rg7 Rg8 33. Ra7 Ra8 34. Re7+ Kd5 35. Kc1 Rge8 36.
Rg7 Re6 37. Kd2 Ke4 38. Ke2 Rc8 39. c3 f4 40. Rd7 dxc3 41. Bxc3 Kf5 42. Rd5 Kxg5 43.
Kf3 Kf5 44. g3 fxg3 45. Kxg3 Ke4 46. Rd1 Rxc3+ 47. bxc3 Rc6 48. Kg4 Rxc3 49. Re1+ Re3 50. Rf1 Rxa3 51. Rf6 b4 52. Rxg6 b3 53. Rb6 a5 54.
Kg3 a4 55. Kf2 Ra2+ 56. Ke1 Ke3 57. Kf1 b2 0-1